 Dungeon Crawl Stone Soup version 0.30-a0-313-gae38170b09 (webtiles) character file.

Game seed: 9207634273976702888

325 greasedhog the Trooper (level 6, -1/40 HPs)
             Began as a Gargoyle Chaos Knight on Oct 26, 2022.
             Was a Plaything of Xom.
             Slain by an iron imp (7 damage)
             ... summoned by Xom
             ... on level 3 of the Dungeon.
             The game lasted 00:05:26 (2281 turns).

greasedhog the Trooper (Gargoyle Chaos Knight)      Turns: 2281, Time: 00:05:26

Health: -1/40      AC: 12    Str: 18    XL:     6   Next: 48%
Magic:  6/6        EV: 10    Int: 12    God:    Xom [*.....]
Gold:   234        SH:  0    Dex:  9    Spells: 5/5 levels left

rFire   . . .      SeeInvis .    a - +0 mace (chaos)
rCold   . . .      Faith    .    (no shield)
rNeg    + . .      Spirit   .    d - +0 ring mail
rPois   ∞          Reflect  .    p - +0 helmet
rElec   +          Harm     .    l - +0 cloak
rCorr   .          Rampage  .    (no gloves)
Will    .....                    (no boots)
Stlth   ..........               (no amulet)
HPRegen 0.26/turn                (no ring)
MPRegen 0.10/turn                (no ring)

@: on berserk cooldown, flying, slowed, very slow
A: sickness immunity, AC +4, negative energy resistance 1, electricity
resistance, torment resistance 1, petrification resistance
a: Renounce Religion


You were on level 3 of the Dungeon.
You worshipped Xom.
You were a special plaything of Xom.
You visited 1 branch of the dungeon, and saw 3 of its levels.

You collected 234 gold pieces.

Inventory:

Hand Weapons
 a - a +0 mace of chaos (weapon)
Armour
 d - a +0 ring mail (worn)
 l - a +0 cloak (worn)
 p - a +0 helmet (worn)
Wands
 i - a wand of charming (6)
 n - a wand of roots (12)
Scrolls
 f - a scroll of teleportation
 m - a scroll of blinking {unknown}
Potions
 b - a potion of haste {unknown}
 e - a potion of curing {unknown}
 g - a potion of flight
 h - a potion of lignification {unknown}
 j - a potion of resistance
 k - a potion of berserk rage
Miscellaneous
 c - a piece from Xom's chessboard (15/15) (quivered)


   Skills:
 - Level 5.0 Fighting
 * Level 4.5 Maces & Flails
 * Level 4.1 Armour
 * Level 0.9 Dodging
 + Level 1.8 Evocations


You had 5 spell levels left.
You didn't know any spells.
Your spell library contained the following spells:

 Spells                   Type           Power      Damage    Failure   Level
 Freeze                   Ice            0%         1d3       50%         1
 Frozen Ramparts          Ice            0%         1d1       86%         3
 Hailstorm                Conj/Ice       0%         3d3       86%         3


Dungeon Overview and Level Annotations

Branches:
Dungeon (3/15)

Altars:
Ashenzari
Cheibriados
Dithmenos
Gozag


Innate Abilities, Weirdness & Mutations

You are immune to sickness and miasma.
Your stone body is resilient. (AC +4)
You are immune to poison.
You resist negative energy. (rN+)
You are resistant to electric shocks. (rElec)
You are resistant to unholy torment.
You are immune to petrification.


Message History

"Fight to survive, mortal."
Ijyb hits you with a +3 dagger of venom.
* * * LOW HITPOINT WARNING * * *
The shadow imp shouts, "Out, out, thou weedy beetle-headed giglet!"
You closely miss Ijyb.
Ijyb is almost dead.
Ijyb is no longer berserk.
Ijyb hits you but does no damage.
You barely miss Ijyb.
Ijyb is almost dead.
You kill Ijyb!
You closely miss the kobold. The kobold hits you but does no damage.
The crimson imp hits you but does no damage.
You barely miss the kobold. The kobold closely misses you.
The crimson imp misses you.
You miss the kobold. The kobold hits you but does no damage.
You barely miss the kobold. The crimson imp completely misses you.
You closely miss the kobold.
The shadow imp disappears in a puff of smoke!
The kobold hits you with a +0 club.
* * * LOW HITPOINT WARNING * * *
The crimson imp closely misses you.
You sock the kobold!
You kill the kobold!
The kobold's corpse disappears in a puff of smoke!
The crimson imp barely misses you.
You sock the crimson imp!
The crimson imp is almost dead.
The crimson imp blinks!
You barely miss the crimson imp.
The crimson imp is severely wounded.
The crimson imp blinks!
You hit the iron imp.
The iron imp suddenly seems more agile.
The iron imp is heavily wounded.
You are no longer berserk.
You are exhausted.
You feel yourself slow down.
You hit the iron imp but do no damage.
The iron imp is heavily wounded.
The iron imp hits you!
You die...

##.#..# #...#.##
##.......# ##.##>##
###...### ##.<...##
.......# #.......#
##...## ##.##..#
#.......# ##'##
##.##..# #.......#
#####.## .#)##..#
###.5.#####
#......# .#.....#
#...#...# #.###..#
...###.#
##5##...### ##...##
.#.# #.#
#.@..5...#.#.....#
.#.# #.#
#...............###
##.###.#
##.......#.........
##.....#
###...#######.####
....#### ...# #.#
##### #### #. # #.
### #. ..# ..


You could see an iron imp (summoned, agile), a crimson imp (summoned) and a
shadow imp (summoned).

Vanquished Creatures
  Grinder (D:3)
  Ijyb (D:3)
  Robin (D:3)
  An adder (D:2)
  A dart slug (D:2)
  6 orcs (D:3)
  5 endoplasms
  7 giant cockroaches
  17 goblins
  4 hobgoblins
  7 kobolds (D:1)
  2 quokkas
  9 ball pythons
  3 bats
  3 frilled lizards
  4 rats
72 creatures vanquished.

Vanquished Creatures (others)
  3 plants (D:1)
3 creatures vanquished.

Grand Total: 75 creatures vanquished

Notes
Turn   | Place    | Note
-------+----------+-------------------------------------------
     0 | D:1      | greasedhog the Gargoyle Chaos Knight began the quest for
                  | the Orb.
     0 | D:1      | Reached XP level 1. HP: 14/14 MP: 1/1
    53 | D:1      | XOM: silly message
   134 | D:1      | Reached XP level 2. HP: 18/19 MP: 2/2
   369 | D:1      | Reached XP level 3. HP: 24/24 MP: 3/3
   537 | D:1      | XOM: silly message
   548 | D:1      | XOM: silly message
   611 | D:1      | XOM: divination: magic mapping
  1216 | D:2      | Reached skill level 4 in Fighting
  1535 | D:3      | XOM: divination: detect items
  1543 | D:3      | Noticed Robin
  1545 | D:3      | Found an opulent altar of Gozag.
  1547 | D:3      | XOM: potion effect (curing)
  1560 | D:3      | Reached XP level 4. HP: 25/29 MP: 4/4
  1581 | D:3      | XOM: divination: detect creatures
  1587 | D:3      | Killed Robin
  1662 | D:3      | Reached skill level 1 in Evocations
  1694 | D:3      | Found a shadowy altar of Dithmenos.
  1764 | D:3      | Found a snail-covered altar of Cheibriados.
  1891 | D:3      | Noticed Grinder
  1897 | D:3      | Paralysed by Grinder for 3 turns
  1902 | D:3      | Paralysed by Grinder for 2 turns
  1906 | D:3      | XOM: divination: detect creatures
  1911 | D:3      | Killed Grinder
  1912 | D:3      | Reached skill level 5 in Fighting
  1912 | D:3      | Reached XP level 5. HP: 23/35 MP: 5/5
  1912 | D:3      | Reached XP level 6. HP: 27/40 MP: 6/6
  2036 | D:3      | Found a broken altar of Ashenzari.
  2161 | D:3      | XOM: divination: detect items
  2215 | D:3      | XOM: divination: detect creatures
  2238 | D:3      | Noticed Ijyb
  2243 | D:3      | XOM: confusion
  2244 | D:3      | XOM: summons 4 hostile demons
  2256 | D:3      | XOM: polymorph quasit -> shadow imp
  2267 | D:3      | XOM: summons 1 hostile shadow creature
  2269 | D:3      | Killed Ijyb
  2281 | D:3      | Slain by an iron imp

Illustrated notes

Levels and vault maps discovered:
D:1:      dpeg_arrival_simpleton_a, layout_loops_ring, glass_columns_b,
          minmay_misc_feat_iff, chequers_big_river
D:2:      layout_rooms, grunt_decor_mini_mirrors, grunt_ministairs_10
D:3:      layout_loops_corners, old_standard_altar, ashenzari_altar_1,
          mainiacjoe_overflow_brackets, nicolae_gozag_seed_capital,
          gammafunk_ghost_smash, uniq_robin, uniq_ijyb, uniq_grinder

Skill      XL: |  1  2  3  4 |
---------------+-------------+-----
Fighting       | 4 5 |  5.0
Armour         | 4 |  4.1
Evocations     | 1 |  1.8
Maces & Flails | 4 |  4.5
Dodging        | |  0.9

Action                   |  1- 3 |  4- 6 || total
-------------------------+-------+-------++-------
Melee: Mace              |   108 |    97 ||   205
       Punch             |     1 |       ||     1
Evoke: Piece from Xom's  |       |     1 ||     1
  Use: Scroll            |     3 |     2 ||     5
       Potion            |       |     2 ||     2
Armor: Ring mail         |    65 |    85 ||   150
Dodge: Dodged            |    71 |    66 ||   137

Table legend: (Time is in decaauts)
 A = Elapsed time spent in this place.
 B = Non-inter-level travel time spent in this place.
 C = Inter-level travel time spent in this place.
 D = Time resting spent in this place.
 E = Time spent auto-exploring this place.
 F = Levels seen in this place.
 G = Mean time per level.
                   A        B        C        D        E       F      G
               +--------+--------+--------+--------+--------+-----+--------+
         Total |   2339 |   2228 |    111 |     80 |   1627 |   3 |  779.7 |
       Dungeon |   2339 |   2228 |    111 |     80 |   1627 |   3 |  779.7 |
               +--------+--------+--------+--------+--------+-----+--------+

Top non-repeatable levels by time:
     D:1: 1050 daAuts
     D:3: 830 daAuts
     D:2: 458 daAuts
